Map: Simulacrum LE

Players

Bly - Winner!

  • Race: Zerg Zerg
  • Spawn Location: 5:00

Neeb

  • Race: Protoss Protoss
  • Spawn Location: 11:00

Event: IEM Katowice 2020

VOD

Have the link to the VOD?

Description

Time

  • Played on: Feb. 24, 2020, 10:14 a.m.
  • Length: 5:45

All games in this series

Show
View Real Time Build Order
Export as new Build Order

Bly Zerg - Winner!

Build Orders: Hatch First 

Get SALT Encoding   

  12  0:01  Drone  
  13  0:12  Overlord  
  13  0:16  Drone  
  14  0:31  Drone x2  
  16  0:49  Hatchery  
  15  0:52  Drone  
  15  0:56  Drone  
  17  1:03  Drone  
  18  1:13  Extractor  
  17  1:20  Drone, Spawning Pool  
  17  1:27  Drone  
  17  1:30  Drone  
  19  1:40  Drone  
  20  1:56  Hatchery  
  19  2:03  Drone x2  
  21  2:08  Zergling x2  
  22  2:20  Metabolic Boost  
  22  2:24  Roach Warren  
  21  2:36  Zergling x6  
  24  2:37  Zergling x2  
  25  2:51  Overlord  
  25  2:57  Zergling x6  
  27  3:07  Queen  
  27  3:08  Roach  
  31  3:22  Roach  
  31  3:24  Overlord  
  31  3:26  Zergling x6  
  36  3:30  Ravager  
  38  3:34  Roach  
  38  3:38  Overlord  
  38  3:48  Queen  
  38  3:51  Ravager  
  38  3:54  Zergling x2  
  38  3:59  Zergling x4  
  40  4:08  Ravager  
  39  4:20  Zergling x12  
  41  4:27  Zergling x6  
  43  4:32  Zergling x4  
  45  4:39  Zergling x2  
  42  4:50  Queen  
  41  4:55  Zergling x6  
Show
View Real Time Build Order
Export as new Build Order

Neeb Protoss 

Build Orders: 1 Gate Expand, Oracle Opening 

Get SALT Encoding   

  12  0:00  Probe  
  13  0:12  Probe  
  14  0:17  Pylon  
  14  0:25  Probe (Chrono Boost)  
  15  0:37  Probe (Chrono Boost)  
  15  0:40  Gateway  
  16  0:45  Probe (Chrono Boost)  
  16  0:47  Assimilator  
  17  0:51  Probe  
  18  1:03  Probe  
  19  1:15  Probe  
  20  1:24  Nexus  
  20  1:34  Cybernetics Core  
  20  1:36  Probe  
  21  1:42  Assimilator  
  21  1:49  Probe  
  21  1:50  Pylon  
  22  2:01  Probe (Chrono Boost)  
  23  2:07  Adept (Chrono Boost)  
  23  2:10  Probe (Chrono Boost)  
  23  2:15  Probe (Chrono Boost)  
  26  2:20  Stargate  
  27  2:28  Probe (Chrono Boost)  
  28  2:31  Stalker  
  28  2:36  Probe (Chrono Boost)  
  32  2:45  Probe x2 (Chrono Boost)  
  32  2:50  Probe (Chrono Boost)  
  33  2:51  Probe  
  35  3:02  Probe  
  35  3:03  Probe  
  35  3:05  Oracle (Chrono Boost)  
  37  3:11  Gateway  
  40  3:14  Probe  
  40  3:15  Probe  
  42  3:23  Pylon  
  42  3:26  Probe  
  43  3:27  Probe  
  43  3:30  Gateway  
  44  3:34  Pylon  
  44  3:35  Pylon  
  44  3:36  Oracle (Chrono Boost)  
  45  3:47  Shield Battery  
  45  3:49  Shield Battery  
  45  3:52  Pylon  
  45  4:00  Pylon  
  45  4:04  Cybernetics Core  
  45  4:06  Oracle (Chrono Boost)  
  45  4:07  Pylon  
  41  4:17  Probe  
  41  4:22  Zealot x2  
  39  4:40  Oracle (Chrono Boost)  
  37  4:50  Probe  
  37  4:51  Probe  
  36  5:02  Probe  
  36  5:06  Oracle (Chrono Boost)  

Tags
 
Add a new tag
Caveats
  • Supply blocks, unpowered buildings, or Contaminate may cause inaccurate times.
  • Supply counts are checked every 10 seconds.